 Dungeon Crawl Stone Soup version 0.23.0-3-gf3c87f2 (webtiles) character file.

Game seed: 11045040790065375667

148 DarkinPup the Slasher (level 5, -5/41 HPs)
             Began as a Demonspawn Gladiator on Feb 23, 2019.
             Killed by divine providence
             ... invoked by an orc priest
              (15 damage)
             ... on level 3 of the Dungeon.
             The game lasted 00:03:28 (2931 turns).

DarkinPup the Slasher (Demonspawn Gladiator)        Turns: 2931, Time: 00:03:28

Health: -5/41      AC:  3    Str: 15    XL:     5   Next: 8%
Magic:  5/5        EV: 13    Int:  9    God:
Gold:   144        SH:  3    Dex: 15    Spells: 4/4 levels left

rFire    . . .     SeeInvis .   a - +0 long sword
rCold    . . .     Gourm    .   (no shield)
rNeg     . . .     Faith    .   b - +0 leather armour
rPois    .         Spirit   .   (helmet restricted)
rElec    .         Reflect  +   (no cloak)
rCorr    .         Harm     .   (no gloves)
MR       .....                  (no boots)
Stlth    +.........             k - +3 amulet of reflection (curse)
HPRegen  0.13/turn              (no ring)
MPRegen  0.09/turn              (no ring)

@: no status effects
A: horns 1, powered by pain 1, rot immunity
a: no special abilities


You were on level 3 of the Dungeon.
You were hungry.

You visited 1 branch of the dungeon, and saw 3 of its levels.

You collected 144 gold pieces.

Inventory:

Hand Weapons
 a - a +0 long sword (weapon)
Missiles
 d - 3 throwing nets (quivered)
Armour
 b - a +0 leather armour (worn)
 c - a +0 helmet
Jewellery
 k - a cursed +3 amulet of reflection (around neck)
 t - a +5 ring of evasion {unknown}
Scrolls
 e - 2 scrolls of remove curse {unknown}
 h - 3 scrolls of identify {unknown}
 i - a scroll of blinking {unknown}
 j - a scroll of noise {unknown}
 m - a scroll of magic mapping {unknown}
 n - a scroll of enchant armour {unknown}
 o - a scroll of teleportation {unknown}
Potions
 g - 2 potions of berserk rage {unknown}
 l - a potion of cancellation {unknown}
 p - a potion of magic {unknown}
 q - a potion of curing {unknown}
 r - a potion of lignification {unknown}
 s - a potion of heal wounds {unknown}
Comestibles
 f - 6 rations


   Skills:
 * Level 3.2 Fighting
 * Level 3.6 Long Blades
 - Level 1.7 Throwing
 + Level 1.2 Armour
 * Level 3.6 Dodging


You had 4 spell levels left.
You didn't know any spells.
Your spell library was empty.

Dungeon Overview and Level Annotations

Branches:
Dungeon (3/15)

Altars:
Trog


Innate Abilities, Weirdness & Mutations

You have a pair of small horns on your head.
You sometimes gain a little power by taking damage.
You are immune to rotting.


Message History

You barely miss the orc. You headbutt the orc.
The orc is heavily wounded.
The orc closely misses you.
You hit the orc.
You kill the orc!
Things that are here:
a +0 flail of crushing; a +0 ring mail; a bat skeleton You start resting.
You are feeling hungry.
There is a stone staircase leading down here.
You can't go up here!
You climb downwards.
The orc priest invokes the aid of Beogh against you.
Beogh smites you!
The orc priest mumbles some strange prayers to Beogh against you.
Beogh smites you!
* * * LOW HITPOINT WARNING * * *
The orc priest invokes the aid of Beogh against you.
Beogh smites you!
You die...

.. ....# ##....#
#. .#....# #.#
##......# . ..
#..#....#..
#.###.##.<..... ##
#..#.@.......##
... #.#b#o........
....#..w#)o.......
......o.?o........
........#.........
......#?.......%..
.....##o.......###
.....#...##....<.
.................


You could see a worm, 2 orc priests, 3 orcs and a bat.

Vanquished Creatures
  2 adders
  7 gnolls
  2 oozes (D:2)
  A leopard gecko (D:1)
  An orc (D:2)
  4 giant cockroaches
  6 goblins
  6 hobgoblins
  2 jackals (D:1)
  5 kobolds
  A quokka (D:2)
  8 bats
  3 frilled lizards
  6 rats
54 creatures vanquished.

Notes
Turn   | Place    | Note
-------+----------+-------------------------------------------
     0 | D:1      | DarkinPup the Demonspawn Gladiator began the quest for the
                  | Orb.
     0 | D:1      | Reached XP level 1. HP: 16/16 MP: 1/1
   248 | D:1      | Gained mutation: You are immune to rotting. [demonic
                  | ancestry]
   248 | D:1      | Reached XP level 2. HP: 22/22 MP: 2/2
   971 | D:2      | Gained mutation: You sometimes gain a little power by
                  | taking damage. [demonic ancestry]
   971 | D:2      | Reached XP level 3. HP: 28/28 MP: 3/3
  1274 | D:1      | Gained mutation: You have a pair of small horns on your
                  | head. [demonic ancestry]
  1274 | D:1      | Reached XP level 4. HP: 9/34 MP: 4/4
  1505 | D:2      | Reached skill level 1 in Armour
  2176 | D:2      | Found a bloodstained altar of Trog.
  2201 | D:2      | Reached XP level 5. HP: 41/41 MP: 5/5
  2931 | D:3      | Killed from afar by an orc priest

Skill      XL: |  1  2  3  4 |
---------------+-------------+-----
Long Blades    | 3 |  3.6
Dodging        | 3 |  3.6
Armour         | 1 |  1.2
Fighting       | 3 |  3.2
Throwing       | |  1.7

Action                   |  1- 3 |  4- 6 || total
-------------------------+-------+-------++-------
Melee: Long sword        |    67 |    64 ||   131
       Headbutt          |       |    20 ||    20
  Eat: Chunk             |     1 |     5 ||     6
Armor: Leather armour    |    14 |    19 ||    33
Dodge: Dodged            |    63 |    64 ||   127
Block: Other             |     4 |    13 ||    17
       Rpst.: Long sword |    23 |    12 ||    35
